 Dungeon Crawl Stone Soup version 0.29.1-4-g47bece8355 (webtiles) character file.

Game seed: 5204044938903284605

228 DemonSlayer the Firebug (level 5, -6/36 HPs)
             Began as a Demonspawn Fire Elementalist on Dec 4, 2022.
             Mangled by a killer bee (7 damage)
             ... on level 4 of the Dungeon.
             The game lasted 00:04:52 (3644 turns).

DemonSlayer the Firebug (DsFE)                      Turns: 3644, Time: 00:04:52

Health: -6/36      AC:  2    Str: 10    XL:     5   Next: 70%
Magic:  2/10       EV: 12    Int: 17    God:
Gold:   110        SH:  4    Dex: 13    Spells: 5/11 levels left

rFire   . . .      SeeInvis .   o - +0 war axe
rCold   . . .      Faith    .   (no shield)
rNeg    . . .      Spirit   .   a - +0 robe
rPois   +          Reflect  .   (no helmet)
rElec   .          Harm     .   (no cloak)
rCorr   .          Rampage  .   (no gloves)
Will    .....                   (no boots)
Stlth   ++........              (no amulet)
HPRegen 0.12/turn               j - ring of poison resistance
MPRegen 0.12/turn               (no ring)

@: on berserk cooldown, slowed, very slow
A: large bone plates 1, powered by death 1
a: no special abilities


You were on level 4 of the Dungeon.
You visited 1 branch of the dungeon, and saw 4 of its levels.

You collected 110 gold pieces.

Inventory:

Hand Weapons
 b - a +0 dagger
 o - a +0 war axe (weapon)
Armour
 a - a +0 robe (worn)
Jewellery
 j - a ring of poison resistance (left hand)
Scrolls
 d - a scroll of enchant armour {unknown}
 e - a scroll of immolation {unknown}
 g - a scroll of identify
 l - 3 scrolls of teleportation {unknown}
 n - a scroll of fear {unknown}
Potions
 c - 2 potions of berserk rage
 f - 2 potions of might {unknown}
 h - 2 potions of flight
 i - 3 potions of brilliance
 k - 2 potions of curing
 m - a potion of heal wounds {unknown}
 p - a potion of degeneration {unknown}


   Skills:
 + Level 0.4 Fighting
 + Level 0.5 Axes
 + Level 2.3 Dodging
 + Level 1.9 Stealth
 + Level 0.1 Shields
 + Level 3.5 Spellcasting
 + Level 1.4 Conjurations
 + Level 4.3 Fire Magic


You had 5 spell levels left.
You knew the following spells:

 Your Spells              Type           Power      Damage    Failure   Level
a - Foxfire               Conj/Fire      48%        2x1d6     4%          1
b - Scorch                Fire           34%        2d6       4%          2
c - Mephitic Cloud        Conj/Pois/Air  4%         N/A       38%         3

Your spell library contained the following spells:

 Spells                   Type           Power      Damage    Failure   Level
 Magic Dart               Conj           28%        1d4       10%         1
 Conjure Flame            Conj/Fire      12%        6-21      16%         3
 Inner Flame              Hex/Fire       10%        N/A       21%         3
 Call Imp                 Summ           3%         N/A       26%         2
 Sublimation of Blood     Necr           3%         N/A       26%         2
 Wereblood                Tmut           3%         N/A       26%         2
 Flame Wave               Conj/Fire      12%        2d6       45%         4
 Summon Hydra             Summ           1%         N/A       100%        7


Dungeon Overview and Level Annotations

Branches:
Dungeon (4/15)
 Temple: D:4-7

Altars:
Dithmenos
Fedhas

Annotations:
D:3 exclusion: oklob plant


Innate Abilities, Weirdness & Mutations

You are partially covered in large bone plates. (SH +4)
You regenerate a little health from kills.


Message History

You are too injured to fight recklessly!
You are too injured to fight recklessly!
You are too injured to fight recklessly!
You miss the killer bee.
The killer bee is severely wounded.
You feel sick. The killer bee stings you. The killer bee barely misses you.
You block the killer bee's attack.
You hit the killer bee.
The killer bee is severely wounded.
You feel sick.
You are no longer poisoned.
You block the killer bee's attack.
You miss the killer bee.
The killer bee is severely wounded.
The killer bee stings you.
* * * LOW HITPOINT WARNING * * *
The killer bee barely misses you. You block the killer bee's attack.
You closely miss the killer bee.
The killer bee is severely wounded.
The killer bee barely misses you.
You slash the killer bee!
You kill the killer bee!
The killer bee stings you!
* * * LOW HITPOINT WARNING * * *
You closely miss the killer bee. The killer bee barely misses you.
The killer bee stings you.
* * * LOW HITPOINT WARNING * * *
You slash the killer bee!
The killer bee is heavily wounded.
You block the killer bee's attack. The killer bee closely misses you.
You closely miss the killer bee.
The killer bee is heavily wounded.
The killer bee misses you. The killer bee stings you.
* * * LOW HITPOINT WARNING * * *
You barely miss the killer bee.
The killer bee is heavily wounded.
You are no longer berserk.
You are exhausted.
You feel yourself slow down. The killer bee stings you!
You die...

#.### ....### #.....##
#.... w ##.##
##########.#.#.###.# .....
...........#.#...... .....
.........w5..>..... ....
..###.###y#.#......
...#####.###.###@#.....#+#
.... ............+.y...#
...#####.###.###.#.....#
.............# #)#.#+###
.)..)......### #.#y.
.<..)......# #.#..
...†.......# #.#..
............. ...
##.........### #.#


You could see a worm, a killer bee and an ufetubus.

Vanquished Creatures
  3 killer bees (D:4)
  3 adders
  2 worms
  A dart slug (D:3)
  4 orcs
  4 ball pythons
  7 endoplasms
  2 giant cockroaches
  7 goblins
  4 hobgoblins
  2 jackals (D:1)
  2 quokkas
  2 bats
  4 frilled lizards
  11 kobolds
  2 rats (D:3)
60 creatures vanquished.

Vanquished Creatures (others)
  111 foxfires (D:1)
111 creatures vanquished.

Grand Total: 171 creatures vanquished

Notes
Turn   | Place    | Note
-------+----------+-------------------------------------------
     0 | D:1      | DemonSlayer the Demonspawn Fire Elementalist began the
                  | quest for the Orb.
     0 | D:1      | Reached XP level 1. HP: 13/13 MP: 3/3
   109 | D:1      | Found a faded altar of an unknown god.
   360 | D:1      | Gained mutation: You regenerate a little health from kills.
                  | [demonic ancestry]
   360 | D:1      | Reached XP level 2. HP: 19/19 MP: 1/5
   363 | D:1      | Learned a level 2 spell: Scorch
   434 | D:1      | Reached skill level 3 in Fire Magic
  1585 | D:2      | Reached XP level 3. HP: 20/24 MP: 1/6
  2473 | D:2      | Learned a level 3 spell: Mephitic Cloud
  2615 | D:3      | Reached XP level 4. HP: 30/30 MP: 2/7
  3031 | D:3      | Found a blossoming altar of Fedhas.
  3042 | D:3      | Noticed an oklob plant
  3290 | D:3      | Found a shadowy altar of Dithmenos.
  3625 | D:4      | Reached skill level 4 in Fire Magic
  3625 | D:4      | Gained mutation: You are partially covered in large bone
                  | plates. (SH +4) [demonic ancestry]
  3625 | D:4      | Reached XP level 5. HP: 31/35 MP: 4/9
  3643 | D:4      | HP: 2/54 [killer bee (5)]
  3644 | D:4      | Mangled by a killer bee

Illustrated notes

Levels and vault maps discovered:
D:1:      dpeg_arrival_three_bigger_balls, layout_basic,
          shapermc_ecumenical_altar_mp_highgroup, minmay_pentomino_r2
D:2:      layout_loops_cross
D:3:      layout_basic, tgw_fedhas, mainiacjoe_overflow_alcove_1
D:4:      layout_basic, nicolae_wu_jian_wuxing_cycle, solitary_fountain

Skill      XL: |  1  2  3  4 |
---------------+-------------+-----
Dodging        | 2 |  2.3
Fire Magic     | 3 4 |  4.3
Spellcasting   | 3 |  3.5
Fighting       | |  0.4
Axes           | |  0.5
Stealth        | |  1.9
Shields        | |  0.1
Conjurations   | |  1.4

Action                   |  1- 3 |  4- 6 || total
-------------------------+-------+-------++-------
Melee: Unarmed           |     1 |       ||     1
       Dagger            |     3 |    11 ||    14
       War axe           |       |    19 ||    19
       Punch             |       |     1 ||     1
 Cast: Foxfire           |    60 |       ||    60
       Scorch            |    24 |    25 ||    49
  Use: Potion            |     1 |     1 ||     2
       Scroll            |       |     4 ||     4
 Stab: Sleeping          |       |     1 ||     1
Armor: Robe              |     2 |     4 ||     6
Dodge: Dodged            |     9 |    28 ||    37
Block: Other             |       |     9 ||     9
